 Dungeon Crawl Stone Soup version 0.30.1-11-g7821555f0a (webtiles) character file.

Game seed: 7313299104382034544

19680 Anandil the Fighter (level 12, -1/102 HPs)
             Began as a Demonspawn Fighter on Nov 25, 2023.
             Was an Elder of Ru.
             Slain by a death yak (5 damage)
             ... on level 4 of the Lair of Beasts.
             The game lasted 00:19:00 (12742 turns).

Anandil the Fighter (Demonspawn Fighter)           Turns: 12742, Time: 00:19:01

Health: -1/102     AC: 25    Str: 17    XL:     12   Next: 38%
Magic:  0/12       EV:  2    Int:  9    God:    Ru [****..]
Gold:   970        SH:  7    Dex: 27    Spells: 11/11 levels left

rFire   + . .        j - +9 dagger of the Grim God {freeze, rPois Dex+3}
rCold   x . .        c - +0 buckler
rNeg    . . .        r - +8 chain mail of Caogy {Slay+3 Stlth+}
rPois   +            p - +0 helmet
rElec   .            (no cloak)
rCorr   .            (no gloves)
SInv    .            N - +0 pair of boots
Will    .....        s - amulet of guardian spirit
Stlth   +            y - ring of fire
HPRegen 0.37/turn    J - +6 ring of dexterity
MPRegen 0.13/turn

%: guardian spirit
@: unable to drink
A: slimy green scales 1, powered by death 2, inability to drink after injury 2,
hated by all, reduced EV 1, demonic magic 2, weakness stinger 1
a: Renounce Religion, Draw Out Power, Power Leap


You were on level 4 of the Lair of Beasts.
You worshipped Ru.
Ru was greatly pleased with you.
You visited 3 branches of the dungeon, and saw 14 of its levels.

You collected 970 gold pieces.

Inventory:

Hand Weapons
 a - a +0 long sword
 j - the +9 dagger of the Grim God (weapon) {freeze, rPois Dex+3}
   (You found it on level 2 of the Dungeon)

   Dex:       It affects your dexterity (+3).
   rPois:     It protects you from poison.
Missiles
 K - 8 boomerangs (quivered)
Armour
 c - a +0 buckler (worn)
 p - a +0 helmet (worn)
 r - the +8 chain mail of Caogy (worn) {Slay+3 Stlth+}
   (You acquired it on level 1 of the Lair of Beasts)

   Slay:      It affects your accuracy & damage with ranged weapons and melee
   (+3).
   Stlth:     It makes you more stealthy.
 N - a +0 pair of boots (worn)
Jewellery
 f - a +6 ring of strength
 s - an amulet of guardian spirit (around neck)
 y - a ring of fire (left hand)
 G - a ring of willpower
 J - a +6 ring of dexterity (right hand)
Wands
 b - a wand of polymorph (5)
 x - a wand of iceblast (20)
 F - a wand of flame (30)
 I - a wand of digging (4)
 Q - a wand of quicksilver (4)
Scrolls
 e - 2 scrolls of magic mapping
 g - 2 scrolls of amnesia
 i - 3 scrolls of torment
 k - 3 scrolls of blinking
 l - 4 scrolls of teleportation {unknown}
 m - 3 scrolls of fog {unknown}
 n - a scroll of fear {unknown}
 o - 2 scrolls of vulnerability {unknown}
 v - 2 scrolls of enchant armour
 A - 4 scrolls of poison
 C - a scroll of immolation {unknown}
Potions
 d - 2 potions of might
 h - a potion of berserk rage
 q - a potion of magic
 t - 4 potions of flight
 u - a potion of invisibility {unknown}
 w - 2 potions of curing
 z - 2 potions of degeneration {unknown}
 D - 4 potions of haste {unknown}
 E - a potion of resistance {unknown}
 L - a potion of heal wounds {unknown}
 M - 4 potions of attraction {unknown}
 P - a potion of mutation {unknown}
Miscellaneous
 B - a phial of floods


   Skills:
 + Level 12.1 Fighting
 + Level 11.0 Long Blades
 + Level 11.1 Armour
 - Level 5.1 Shields


You had 11 spell levels left.
You didn't know any spells.
Your spell library contained the following spells:

 Spells                   Type           Power      Damage    Failure   Level
 Beastly Appendage        Tmut           0%         N/A       98%         1
 Foxfire                  Conj/Fire      0%         2x1d4     98%         1
 Necrotise                Necr           0%         1d4       98%         1
 Blink                    Tloc           0%         N/A       99%         2
 Cigotuvi's Dreadful Rot  Necr/Pois/Air  0%         N/A       99%         2
 Lesser Beckoning         Tloc           0%         N/A       99%         2
 Momentum Strike          Conj/Tloc      0%         3d8       99%         2
 Wereblood                Tmut           0%         N/A       99%         2
 Gell's Gravitas          Tloc           0%         N/A       100%        3
 Spider Form              Tmut/Pois      0%         N/A       100%        3
 Stone Arrow              Conj/Erth      0%         3d7       100%        3
 Teleport Other           Tloc           0%         N/A       100%        3
 Volatile Blastmotes      Fire/Tloc      0%         2d10      100%        3
 Fulminant Prism          Conj/Hex       0%         3d5       100%        4
 Iskenderun's Mystic Bla  Conj/Tloc      0%         2d3       100%        4
 Fireball                 Conj/Fire      0%         3d3       100%        5
 Lee's Rapid Deconstruct  Erth           0%         3d4*      100%        5
 Dispersal                Tloc           0%         N/A       100%        6
 Plasma Beam              Fire/Air       0%         2x1d11    100%        6
 Starburst                Conj/Fire      0%         6d3       100%        6
 Lehudib's Crystal Spear  Conj/Erth      0%         10d2      100%        8
 Death's Door             Necr           0%         N/A       100%        9
 Animate Armour           Summ/Erth      Unusable   N/A       N/A         4

Dungeon Overview and Level Annotations

Branches:
Dungeon (8/15)             Temple (1/1) D:5            Lair (5/5) D:8
 Shoals (0/4) Lair:2        Snake (0/4) Lair:3        Slime (0/5) Lair:4

Altars:
Ashenzari
Cheibriados
Dithmenos
Gozag
Kikubaaqudgha
Makhleb
Nemelex Xobeh
Okawaru
Qazlal
Ru
Sif Muna
Trog
Uskayaw
Vehumet
Wu Jian
Xom

Shops:
D:2 [   D:4 ?


Innate Abilities, Weirdness & Mutations

You are partially covered in slimy green scales. (AC +2)
You regenerate health from kills.
You sometimes lose the ability to drink potions when taking damage.
You are hated by all.
You have somewhat slow reflexes. (EV -5)
Spells you cast may paralyse nearby enemies.
You have a small tail.


Message History

The death yak is lightly wounded.
You barely miss the death yak.
The death yak is lightly wounded.
The death yak gores you!!
You puncture the death yak! You freeze the death yak.
The death yak is moderately wounded.
The death yak gores you but does no damage.
You hit the death yak. You freeze the death yak. You tail-slap the death yak!
The death yak is moderately wounded.
You puncture the death yak! You freeze the death yak.
The death yak is heavily wounded.
The death yak gores you!!
You feel threatened and lose the ability to drink potions!
You hit the death yak. You freeze the death yak.
The death yak is severely wounded.
The death yak gores you!
* * * LOW HITPOINT WARNING * * *
You hit the death yak but do no damage.
The death yak is severely wounded.
You puncture the death yak! You freeze the death yak.
You tail-slap the death yak, but do no damage.
The death yak is severely wounded.
The death yak gores you!!
* * * LOW HITPOINT WARNING * * *
You barely miss the death yak.
The death yak is severely wounded.
The death yak gores you but does no damage.
You hit the death yak. You freeze the death yak.
The death yak is severely wounded.
You puncture the death yak! You freeze the death yak.
The death yak is almost dead.
The death yak gores you but does no damage.
You barely miss the death yak.
The death yak is almost dead.
The death yak gores you!
* * * LOW HITPOINT WARNING * * *
You hit the death yak but do no damage.
The death yak is almost dead.
The death yak gores you.
You die...

..................## #.....#
P..#....#...#....#.#### #P....#
.......#.....#...#....###...#.#
.............#.........##....##
.............................###
..............[...........#....#
.................#......###...##
...##...##.....Y.P............##
...P#....#......@..............#
........#........รท.............##
....###..........................
.....##..........#.............##
...###...P.....P.#P............#
...# ##...##............#......#
...####.P##...................##
#..##.#.......................#
#.............................#


You could see a death yak.

Vanquished Creatures
  A hydra (Lair:4)
  A catoblepas (Lair:3)
  6 death yaks
  A sea snake (Lair:5)
  An elephant (Lair:5)
  4 cane toads
  2 torpor snails
  Maggie (D:7)
  5 komodo dragons
  3 polar bears
  A hornet (Lair:5)
  8 blink frogs
  5 wyverns
  A basilisk (Lair:4)
  25 yaks
  2 steam dragons
  7 water moccasins
  2 ice beasts
  A black bear (D:4)
  A sky beast (D:7)
  7 wolves
  5 centaurs
  An ogre (D:4)
  4 phantoms
  10 bullfrogs
  A gnoll sergeant (D:7)
  2 scorpions
  4 killer bees (D:7)
  3 hounds
  An orc priest (D:6)
  3 jellies (Lair:4)
  A sleepcap (D:7)
  Jessica (D:2)
  3 orc wizards
  An iguana (D:5)
  5 gnolls (D:7)
  5 adders
  A shadow imp (D:7)
  3 worms
  3 dart slugs
  10 orcs
  5 ball pythons
  A bat (D:2)
  15 endoplasms
  2 giant cockroaches (D:1)
  7 goblins
  3 hobgoblins (D:1)
  3 jackals (D:1)
  9 kobolds
  6 quokkas
  2 frilled lizards
  6 rats
211 creatures vanquished.

Notes
Turn   | Place    | Note
-------+----------+-------------------------------------------
     0 | D:1      | Anandil the Demonspawn Fighter began the quest for the Orb.
     0 | D:1      | Reached XP level 1. HP: 18/18 MP: 1/1
   139 | D:1      | Gained mutation: Spells you cast may paralyse adjacent
                  | enemies. [demonic ancestry]
   139 | D:1      | Reached XP level 2. HP: 16/24 MP: 2/2
   601 | D:1      | Found a faded altar of an unknown god.
   637 | D:1      | Reached XP level 3. HP: 25/29 MP: 3/3
   847 | D:2      | Got Poiferch's Tome of Haze and Bones
   875 | D:2      | Identified the +9 dagger of the Grim God {freeze, rPois
                  | Dex+3}
   965 | D:2      | Noticed Jessica
   973 | D:2      | Killed Jessica
   974 | D:2      | Gained mutation: You have a small tail. [demonic ancestry]
   974 | D:2      | Reached XP level 4. HP: 25/35 MP: 4/4
  1208 | D:2      | Found Innez's Armour Shoppe.
  1793 | D:4      | Noticed a scorpion
  1802 | D:4      | Killed a scorpion
  1803 | D:4      | Reached skill level 4 in Fighting
  1803 | D:4      | Reached XP level 5. HP: 20/42 MP: 5/5
  1915 | D:4      | Noticed a black bear
  1918 | D:4      | Found Plog's Magic Scroll Emporium.
  1926 | D:4      | Killed a black bear
  2002 | D:4      | Reached XP level 6. HP: 48/48 MP: 6/6
  2119 | D:4      | Noticed a water moccasin
  2133 | D:4      | Killed a water moccasin
  2587 | D:5      | Entered Level 5 of the Dungeon
  2608 | D:5      | Gained mutation: You regenerate a little health from kills.
                  | [demonic ancestry]
  2608 | D:5      | Reached XP level 7. HP: 44/55 MP: 5/7
  2653 | D:5      | You fall into a shaft and drop 3 floors!
  2739 | D:8      | Noticed a wyvern
  2747 | D:8      | Killed a wyvern
  2748 | D:8      | Reached skill level 5 in Fighting
  3003 | D:7      | Found a radiant altar of Vehumet.
  3461 | D:5      | Reached skill level 5 in Shields
  3461 | D:5      | Gained mutation: You are partially covered in slimy green
                  | scales. (AC +2) [demonic ancestry]
  3461 | D:5      | Reached XP level 8. HP: 63/63 MP: 8/8
  3473 | D:5      | Reached skill level 5 in Armour
  3661 | D:5      | Found a staircase to the Ecumenical Temple.
  3670 | Temple   | Entered the Ecumenical Temple
  3731 | Temple   | Became a worshipper of Ru the Awakened
  4111 | D:6      | Reached skill level 6 in Fighting
  4111 | D:6      | Reached skill level 5 in Long Blades
  4741 | D:7      | Noticed Maggie
  4765 | D:7      | Killed Maggie
  4766 | D:7      | Gained mutation: You regenerate health from kills. [demonic
                  | ancestry]
  4766 | D:7      | Reached XP level 9. HP: 59/71 MP: 6/9
  4895 | D:7      | Reached skill level 7 in Fighting
  4984 | D:7      | Found a burning altar of Makhleb.
  5058 | D:7      | Gained mutation: You occasionally lose the ability to drink
                  | potions when taking damage. [Ru sacrifice]
  5058 | D:7      | Gained mutation: You sometimes lose the ability to drink
                  | potions when taking damage. [Ru sacrifice]
  5058 | D:7      | Reached * piety under Ru
  5703 | D:8      | Found a blossoming altar of Fedhas.
  5814 | D:8      | Reached skill level 8 in Fighting
  6069 | D:8      | Found a stormy altar of Qazlal.
  6073 | D:8      | Found a snail-covered altar of Cheibriados.
  6074 | D:8      | Found a sparkling altar of Nemelex Xobeh.
  6075 | D:8      | Found a hazy altar of Hepliaklqana.
  6146 | D:8      | Found a staircase to the Lair.
  6147 | D:8      | Noticed a komodo dragon
  6163 | D:8      | Killed a komodo dragon
  6164 | D:8      | Reached XP level 10. HP: 47/82 MP: 5/10
  6286 | Lair:1   | Entered Level 1 of the Lair of Beasts
  6290 | Lair:1   | Identified a scroll of acquirement
  6291 | Lair:1   | Acquired the +8 chain mail of Caogy {Slay+3 Stlth+}
  6752 | Lair:1   | Noticed a cane toad
  6760 | Lair:1   | Killed a cane toad
  6761 | Lair:1   | Reached skill level 9 in Fighting
  6866 | Lair:1   | Noticed a torpor snail
  6875 | Lair:1   | Killed a torpor snail
  7597 | Lair:2   | Found a staircase to the Shoals.
  7883 | Lair:2   | Noticed a cane toad
  7895 | Lair:2   | Killed a cane toad
  7980 | Lair:2   | Reached skill level 10 in Fighting
  7990 | Lair:2   | Reached XP level 11. HP: 90/90 MP: 11/11
  8002 | Lair:2   | Gained mutation: You have somewhat slow reflexes. (EV -5)
                  | [Ru sacrifice]
  8002 | Lair:2   | Reached ** piety under Ru
  8831 | Lair:3   | Found a staircase to the Snake Pit.
  9458 | Lair:4   | Noticed a catoblepas
  9460 | Lair:4   | Noticed a death yak
  9461 | Lair:4   | Noticed a death yak
  9461 | Lair:4   | Noticed a death yak
  9465 | Lair:4   | Noticed a death yak
  9477 | Lair:3   | Killed a catoblepas
 10019 | Lair:4   | Found a staircase to the Slime Pits.
 10019 | Lair:4   | Found a viscous altar of Jiyva.
 10434 | Lair:3   | Killed a death yak
 10517 | Lair:3   | Killed a death yak
 10518 | Lair:3   | Reached skill level 10 in Armour
 10524 | Lair:3   | Reached skill level 11 in Fighting
 10799 | Lair:3   | Killed a death yak
 10808 | Lair:3   | Reached skill level 10 in Long Blades
 10931 | Lair:3   | Killed a death yak
 11100 | Lair:4   | Gained mutation: You are hated by all. [Ru sacrifice]
 11100 | Lair:4   | Reached *** piety under Ru
 11100 | Lair:4   | Reached **** piety under Ru
 11309 | Lair:5   | Entered Level 5 of the Lair of Beasts
 11404 | Lair:5   | Noticed a death yak
 11405 | Lair:5   | Noticed a death yak
 11405 | Lair:5   | Noticed a death yak
 11409 | Lair:5   | Noticed a death yak
 11418 | Lair:5   | Noticed a death yak
 11419 | Lair:5   | Noticed a death yak
 11419 | Lair:5   | Noticed a seven-headed hydra
 11440 | Lair:4   | Killed a death yak
 11441 | Lair:4   | Gained mutation: Spells you cast may paralyse nearby
                  | enemies. [demonic ancestry]
 11441 | Lair:4   | Reached XP level 12. HP: 23/100 MP: 4/12
 11968 | Lair:5   | Noticed an eight-headed hydra
 11982 | Lair:4   | Killed an eight-headed hydra
 12234 | Lair:4   | Killed a death yak
 12423 | Lair:5   | Reached skill level 12 in Fighting
 12741 | Lair:4   | HP: 3/102 [death yak (10)]
 12742 | Lair:4   | Slain by a death yak

Illustrated notes

Levels and vault maps discovered:
D:1:      evilmike_arrival_hilbert_curve, layout_basic,
          shapermc_ecumenical_altar_mp_urbaneastern, minmay_crystal_water
D:2:      layout_rooms, serial_shops, nicolae_shop_behind_doors,
          minmay_ruptured, uniq_jessica
D:3:      layout_rooms, minmay_misc_feat_enclosed
D:4:      layout_rooms, serial_shops, shop, serial_corexii_hall,
          corexii_hall_statues_i, corexii_hall_statues_deadend,
          corexii_hall_statues_u, corexii_hall_statues_t, kennysheep_dice
D:5:      layout_cave_pools, temple_hall
D:6:      layout_basic, serial_glass, glass_columns_a, glass_columns_a,
          due_unseen_surprise, feat_on_display
D:7:      layout_basic, makhleb_blood_cavern_becter, lemuel_crystal_altar,
          kennysheep_generic_room_5, uniq_maggie
D:8:      layout_loops_ring, minitemple, fedhas_altar_3,
          mainiacjoe_overflow_brackets, david_lair_shrubbed, st_stairs_6
Temple:   eino_temple_lava
Lair:1:   layout_gridlike
Lair:2:   layout_gridlike, minmay_shoals_entry_centaurs
Lair:3:   layout_chaotic_city, dummy_snake_entry, serial_bayou_ford_a
Lair:4:   layout_gridlike, nicolae_slime_entry_slimehenge, lemuel_fruit_tree
Lair:5:   gammafunk_lair_ancient_temple, layout_loops_ring, grunt_megastairs_4,
          infiniplex_staircase_pool_2

Skill      XL: |  1  2  3  4  5  6  7  8  9 10 11 12 |
---------------+-------------------------------------+-----
Long Blades    | 2 3 4 5 7 8 10 11 | 11.0
Shields        | 3 4 5 |  5.1
Armour         | 3 4 6 7 9 10 11 | 11.1
Fighting       | 4 5 6 8 10 11 12 | 12.1

Action                     |  1- 3 |  4- 6 |  7- 9 | 10-12 || total
---------------------------+-------+-------+-------+-------++-------
  Melee: Long sword        |    82 |       |       |       ||    82
         Dagger            |    11 |    82 |   265 |   491 ||   849
         Tailslap          |       |     9 |    41 |   118 ||   168
 Invoke: Sacrifice Drink   |       |       |     1 |       ||     1
         Sacrifice Health  |       |       |       |     1 ||     1
         Sacrifice Love    |       |       |       |     1 ||     1
    Use: Scroll            |       |     5 |     2 |     7 ||    14
   Stab: Invisible         |       |       |       |     2 ||     2
 Armour: Scale mail        |    47 |     1 |       |       ||    48
         Chain mail        |       |    32 |    96 |   249 ||   377
  Dodge: Dodged            |    48 |    27 |    67 |    50 ||   192
  Block: Buckler           |    28 |    23 |    79 |   116 ||   246
